 Dungeon Crawl Stone Soup version 0.16.0-8-gd9ae3a8 (webtiles) character file.

53 Charmandara the Cudgeler (level 3, -4/37 HPs)
             Began as an Ogre Warper on Mar 16, 2015.
             Slain by a gnoll (8 damage)
             ... on level 2 of the Dungeon.
             The game lasted 00:04:34 (888 turns).

Charmandara the Cudgeler (Ogre Warper)               Turns: 888, Time: 00:04:34

Health: -4/37      AC:  3    Str: 16    XL:     3   Next: 89%
Magic:  0/6        EV: 10    Int: 12    God:
Gold:   28         SH:  0    Dex: 10    Spells: 2 memorised, 4 levels left

rFire  . . .     SeeInvis .     a - +0 mace
rCold  . . .     Clarity  .     b - +0 robe
rNeg   . . .     SustAb   .     (shield restricted)
rPois  .         Gourm    .     (helmet restricted)
rElec  .         Spirit   .     (no cloak)
rCorr  .         Warding  .     (gloves unavailable)
rMut   .         Stasis   .     (boots unavailable)
MR     .....                    (no amulet)
Stlth  +.........               (no ring)
                                (no ring)

@: not resistant to hostile enchantments, very unstealthy
A: unfitting armour, tough skin 1
a: no special abilities


You were on level 2 of the Dungeon.
You were not hungry.

You visited 1 branch of the dungeon, and saw 2 of its levels.

You collected 28 gold pieces.

Inventory:

Hand weapons
 a - a +0 mace (weapon)
Missiles
 e - a tomahawk of dispersal (quivered)
Armour
 b - a +0 robe (worn)
Jewellery
 h - an uncursed amulet of regeneration {unknown}
Scrolls
 d - a scroll of blinking
 g - a scroll of amnesia {unknown}
 i - a scroll of magic mapping {unknown}
 k - a scroll of recharging {unknown}
 l - a scroll of fog {unknown}
Books
 c - a book of Spatial Translocations

   Spells                             Type                      Level
   a - Apportation                    Translocation                1
   b - Blink                          Translocation                2
   c - Shroud of Golubria             Charms/Translocation         2
   d - Portal Projectile              Translocation                3
   e - Teleport Other                 Translocation                3
   f - Passage of Golubria            Translocation                4
Comestibles
 f - a meat ration
 m - a bread ration


   Skills:
 - Level 3.0 Fighting
 * Level 4.9 Maces & Flails
 - Level 1.1 Throwing
 - Level 0.7 Armour
 - Level 1.7 Dodging
 + Level 2.8 Spellcasting
 - Level 2.1 Translocations


You had 4 spell levels left.
You knew the following spells:

 Your Spells              Type           Power        Failure   Level  Hunger
a - Apportation           Tloc           #.........   12%         1    #......
b - Shroud of Golubria    Chrm/Tloc      #.........   28%         2    ###....


Dungeon Overview and Level Annotations

Branches:
Dungeon (2/15)

Altars:
Okawaru


Innate Abilities, Weirdness & Mutations

You are too large for most types of armour.
You have tough skin (AC +1).


Message History

Confirm with . or Enter, or press ? or * to list all spells.
You miscast Shroud of Golubria.
You feel uncomfortable. The gnoll barely misses you.
You hit the gnoll but do no damage. The gnoll hits you.
* * * LOW HITPOINT WARNING * * *
Unknown command.
Drink which item? (? for menu, Esc to quit)
It was a potion of cancellation.
Your magical contamination has completely faded away.
You feel magically purged. The gnoll hits you.
* * * LOW HITPOINT WARNING * * *
Casting: Shroud of Golubria
Confirm with . or Enter, or press ? or * to list all spells.
Space distorts slightly along a thin shroud covering your body.
The gnoll hits you.
* * * LOW HITPOINT WARNING * * *
Unknown command.
You hit the gnoll but do no damage. The gnoll barely misses you.
The gnoll hits you!
You die...

........# ... #.#
........# #......# _ #.#
....)...# #......# (≈#
#.. ........# #......#
.≈o ### ........#
#......# .≈## #..
........# #......# .≈.
#.# ........# #......#
.≈## ........# #......#
g≈. #######.## #@# ##'#
#..#######g#####(.######
#.....#...gg..(g.......#
#.....#..(..†..(.......#
#.....#....(...........#
#.....#.......##########
#####.##.......#
#.................
#####...###.##.....


You could see 2 gnolls and a goblin.

Vanquished Creatures
  Terence (D:2)
  An adder (D:2)
  A giant cockroach (D:1)
  3 goblins
  8 hobgoblins
  3 jackals (D:1)
  5 bats
  A giant gecko (D:1)
  3 giant newts
  3 kobolds
  2 rats (D:1)
31 creatures vanquished.

Notes
Turn   | Place    | Note
--------------------------------------------------------------
     0 | D:1      | Charmandara, the Ogre Warper, began the quest for the Orb.
     0 | D:1      | Reached XP level 1. HP: 22/22 MP: 3/3
   120 | D:1      | Reached skill level 3 in Fighting
   267 | D:1      | Reached XP level 2. HP: 25/31 MP: 5/5
   608 | D:1      | Reached skill level 4 in Maces & Flails
   693 | D:1      | Reached XP level 3. HP: 32/37 MP: 6/6
   800 | D:2      | Noticed Terence
   819 | D:2      | Killed Terence
   862 | D:2      | Found an iron altar of Okawaru.
   883 | D:2      | Learned a level 2 spell: Shroud of Golubria
   888 | D:2      | Slain by a gnoll

Action                   || total
-------------------------++-------
Melee: Mace              ||    73
Throw: Tomahawk          ||     4
 Cast: Shroud of Golubri ||     1
  Use: Potion            ||     1
